 Dungeon Crawl Stone Soup version 0.28-a0-948-gee6e0bcda6 (webtiles) character file.

Game seed: 1293302805081905982

48283 Htamos the Warrior (level 14, -1/253 HPs)
             Began as an Ogre Fire Elementalist on Nov 30, 2021.
             Was an Elder of Vehumet.
             Slain by a six-headed hydra (10 damage)
             ... on level 6 of the Lair of Beasts.
             The game lasted 01:19:22 (34130 turns).

Htamos the Warrior (Ogre Fire Elementalist)        Turns: 34130, Time: 01:19:23

Health: -1/253     AC: 27    Str: 16    XL:     14   Next: 45%
Magic:  29/29      EV:  1    Int: 18    God:    Vehumet [****..]
Gold:   853        SH:  9    Dex:  8    Spells: 18/35 levels left

rFire   . . .      SeeInvis .   n - +2 hand axe (flame)
rCold   . . .      Faith    .   B - +0 kite shield
rNeg    . . .      Spirit   .   (armour currently unavailable)
rPois   +          Reflect  .   (helmet currently unavailable)
rElec   .          Harm     .   (cloak currently unavailable)
rCorr   .          Rampage  .   (gloves unavailable)
Will    ++...      NoTele   +   (boots unavailable)
Stlth   +.........              k - amulet of regeneration
HPRegen 1.32/turn               d - ring of flight
MPRegen 0.21/turn               v - ring of willpower

@: mighty, tree-form
A: stationary, stasis, torment immunity, boosted hp, large, unfitting armour,
(tough skin 1), clumsy 1, screaming 1
a: Renounce Religion


You were on level 6 of the Lair of Beasts.
You worshipped Vehumet.
Vehumet was greatly pleased with you.
You were a tree.
You visited 5 branches of the dungeon, and saw 21 of its levels.
You also visited: Sewer.

You collected 1543 gold pieces.
You spent 690 gold pieces at shops.

Inventory:

Hand Weapons
 b - a +0 dagger
 f - a +0 war axe
 i - a +1 broad axe of chaos
 n - a +2 hand axe of flaming (weapon)
 o - a +3 whip of freezing
 u - a +1 flail of holy wrath
 y - a +3 dagger of pain
 F - the +1 broad axe of Kismet {venom, Stlth+}
   (You bought it in a shop on level 2 of the Orcish Mines)

   It poisons the flesh of those it strikes.
   Stlth:     It makes you more stealthy.
Missiles
 w - 86 poisoned darts
 x - 3 curare-tipped darts
 z - 344 stones
 K - a throwing net
Armour
 a - a +1 robe (melded)
 l - a +0 cloak of poison resistance (melded)
 B - a +0 kite shield (worn)
Jewellery
 c - a ring of poison resistance
 d - a ring of flight (left branch)
 k - an amulet of regeneration (around neck)
 t - an amulet of faith
 v - a ring of willpower (right branch)
Wands
 g - a wand of digging (4)
 m - a wand of iceblast (2)
 p - a wand of flame (35)
 J - a wand of polymorph (8)
 Q - a wand of charming (6)
Scrolls
 e - 4 scrolls of vulnerability
 h - 3 scrolls of holy word
 q - 5 scrolls of immolation
 r - 13 scrolls of identify {@rr}
 s - 2 scrolls of noise
 D - 3 scrolls of fog
 E - 3 scrolls of enchant armour
 M - a scroll of magic mapping
 O - a scroll of enchant weapon
Potions
 j - a potion of flight
 G - a potion of resistance {unknown}
Miscellaneous
 I - a piece from Xom's chessboard (15/15)


   Skills:
 * Level 18.0 Fighting
 + Level 8.0 Axes
 + Level 7.7 Dodging
 - Level 1.4 Stealth
 * Level 7.5 Shields
 + Level 11.3 Spellcasting
 + Level 7.3 Conjurations
 + Level 7.9 Fire Magic
 + Level 3.0 Poison Magic


You had 18 spell levels left.
You knew the following spells:

 Your Spells              Type           Power      Damage    Failure   Level
a - Foxfire               Conj/Fire      100%       2x1d9     1%          1
b - Scorch                Fire           76%        2d8       1%          2
c - Conjure Flame         Conj/Fire      37%        6-21      1%          3
d - Flame Wave            Conj/Fire      37%        2d7       1%          4
e - Inner Flame           Hex/Fire       24%        N/A       1%          3
f - Olgreb's Toxic Radia  Pois           21%        N/A       7%          4

Your spell library contained the following spells:

 Spells                   Type           Power      Damage    Failure   Level
 Fulminant Prism          Conj/Hex       11%        3d9       5%          4
 Iskenderun's Mystic Bla  Conj/Tloc      23%        2d6       5%          4
 Frozen Ramparts          Ice            20%        1d4       8%          3
 Blink                    Tloc           20%        N/A       14%         2
 Ensorcelled Hibernation  Hex/Ice        20%        N/A       14%         2
 Gell's Gravitas          Tloc           10%        N/A       28%         3
 Lesser Beckoning         Tloc           10%        N/A       28%         3
 Teleport Other           Tloc           10%        N/A       28%         3
 Tukima's Dance           Hex            10%        N/A       28%         3
 Lee's Rapid Deconstruct  Erth           5%         3d7*      52%         5
 Yara's Violent Unravell  Hex/Tmut       5%         3d4       52%         5
 Cause Fear               Hex            5%         N/A       67%         4
 Ice Form                 Ice/Tmut       10%        N/A       67%         4
 Passage of Golubria      Tloc           10%        N/A       67%         4
 Petrify                  Tmut/Erth      10%        N/A       67%         4
 Summon Ice Beast         Ice/Summ       10%        N/A       67%         4
 Alistair's Intoxication  Tmut/Pois      10%        N/A       80%         5
 Eringya's Noxious Bog    Tmut/Pois      7%         N/A       86%         6
 Borgnjor's Vile Clutch   Necr/Erth      5%         N/A       95%         5
 Manifold Assault         Tloc           10%        N/A       95%         5
 Metabolic Englaciation   Hex/Ice        5%         N/A       95%         5
 Statue Form              Tmut/Erth      6%         N/A       100%        6
 Dragon Form              Tmut           5%         N/A       100%        7
 Storm Form               Tmut/Air       5%         N/A       100%        7
 Dragon's Call            Summ           5%         N/A       100%        9


Dungeon Overview and Level Annotations

Branches:
Dungeon (11/15)            Temple (1/1) D:4            Lair (6/6) D:8
  Swamp (0/4) Lair:3        Snake (0/4) Lair:2          Orc (2/2) D:9
    Elf (1/3) Orc:2         Sewer (visited)
  Slime: Lair:5-6

Altars:
Ashenzari
Cheibriados
Dithmenos
Elyvilon
Fedhas
Gozag
Hepliaklqana
Kikubaaqudgha
Makhleb
Nemelex Xobeh
Okawaru
Qazlal
Ru
Sif Muna
Trog
Uskayaw
Vehumet
Wu Jian
Xom
Yredelemnul
Zin
The Shining One
Beogh

Shops:
D:2 ([*(   D:9 *   Orc:2 =:*([

Annotations:
D:3 1 runed translucent door, Crazy Yiuf
Lair:5 3 runed translucent doors, Relluig's ghost, journeyman DsFi


Innate Abilities, Weirdness & Mutations

You are a tree.
Your roots penetrate the ground, keeping you stationary.
You cannot be teleported.
You are immune to unholy pain and torment.
Your maximum health is greatly increased.
Your equipment is partially melded.
You are too large for most types of armour.
((You have tough skin. (AC +1)))
You are clumsy. (Dex -2)
You occasionally shout uncontrollably at your foes.


Message History

Your elephant closely misses the lindwurm.
Unknown command.
Unknown command.
You feel very mighty all of a sudden.
Your lindwurm bites the lindwurm but does no damage.
Your lindwurm claws the lindwurm.
Your lindwurm claws the lindwurm but does no damage.
Your elephant tramples the five-headed hydra.
The five-headed hydra stumbles backwards!
Something bites your elephant.
Something bites your elephant but does no damage.
Something bites your elephant!
Your elephant dies!
Your elephant's corpse dissolves into shadows!
The six-headed hydra bites you but does no damage. x2
The six-headed hydra completely misses you.
The six-headed hydra bites you but does no damage. x2
The six-headed hydra bites you.
* * * LOW HITPOINT WARNING * * *
Your elephant tramples the lindwurm.
The lindwurm holds its ground!
Your elephant closely misses the lindwurm.
Unknown command.
Unknown command.
You completely miss the six-headed hydra.
The six-headed hydra is lightly wounded.
Your elephant tramples the lindwurm.
The lindwurm stumbles backwards!
An elephant comes into view.
A dream sheep comes into view.
The lindwurm is engulfed in a cloud of scalding steam.
The lindwurm dies!
The six-headed hydra bites you but does no damage. x2
The six-headed hydra completely misses you.
You block the six-headed hydra's attack.
The six-headed hydra bites you but does no damage. x2
Unknown command.
You barely miss the six-headed hydra. The six-headed hydra bites you.
* * * LOW HITPOINT WARNING * * *
You block the six-headed hydra's attack. x2
The six-headed hydra bites you but does no damage. x2
The six-headed hydra bites you!
You die...

○.. #.......# ..
...##≈.≈.≈.≈##..
....≈.≈D≈.≈.≈...
...Y.≈._._.≈....
. #.†.≈k≈.≈.≈..
..# #≈YY.≈.≈#
.[..#.......#...
......†D........
#...P..♣...#....
.#......†.## ...
............. .
...............
...............
....P..........
..###......#...
.# .......#...


You could see a six-headed hydra (ally target), a five-headed hydra, an
elephant, 2 friendly elephants and a friendly lindwurm (summoned).

Vanquished Creatures
  3 hydras
  Erolcha (Orc:2)
  3 two-headed ogres
  2 orc high priests
  A lindwurm (Lair:5)
  Pikel (D:5)
  5 orc knights
  2 black mambas
  14 elephants
  Maurice (Orc:2)
  10 cane toads
  3 unseen horrors
  5 komodo dragons
  A polar bear (Lair:3)
  7 blink frogs
  2 shadows
  7 basilisks
  45 yaks
  4 wyverns
  5 vampire mosquitoes
  4 wargs
  3 nagas (Lair:2)
  13 water moccasins
  Menkaure (D:6)
  38 orc warriors
  3 ice beasts
  A necrophage (D:6)
  5 ogres
  4 centaurs
  10 wolves
  8 kobold brigands
  A wyvern zombie (D:8)
  10 bullfrogs
  2 gnoll sergeants
  2 scorpions
  A cane toad simulacrum (Lair:4)
  4 killer bees (D:10)
  An elephant simulacrum (Lair:4)
  6 wights
  5 howler monkeys
  3 bullfrog zombies
  11 centaur zombies
  A hound (D:4)
  A centaur skeleton (D:7)
  21 orc priests
  2 bullfrog skeletons
  5 hell rats
  21 orc wizards
  Natasha (thrice) (D:2)
  3 iguanas
  A wolf simulacrum (Lair:4)
  5 howler monkey zombies
  6 gnolls
  8 adders
  7 river rats
  A white imp (D:5)
  7 worms
  2 dart slugs (D:2)
  97 orcs
  3 endoplasms
  4 giant cockroaches
  3 goblins
  9 hobgoblins
  6 jackals (D:1)
  5 quokkas
  9 ball pythons
  6 bats
  4 frilled lizards
  19 kobolds
  8 rats
525 creatures vanquished.

Vanquished Creatures (collateral kills)
  A boulder beetle (Lair:6)
  An orc knight (Orc:1)
  A black mamba (Lair:6)
  2 foxfires (Lair:2)
5 creatures vanquished.

Vanquished Creatures (others)
  A lindwurm (Lair:6)
  A wolf simulacrum (Lair:4)
  A bush (D:8)
  412 foxfires
  32 fungi
  59 plants
506 creatures vanquished.

Grand Total: 1036 creatures vanquished

Notes
Turn   | Place    | Note
-------+----------+-------------------------------------------
     0 | D:1      | Htamos the Ogre Fire Elementalist began the quest for the
                  | Orb.
     0 | D:1      | Reached XP level 1. HP: 16/16 MP: 3/3
    27 | D:1      | Reached skill level 1 in Conjurations
    82 | D:1      | Reached skill level 1 in Fighting
   133 | D:1      | Reached XP level 2. HP: 21/27 MP: 1/5
  1129 | D:1      | Reached XP level 3. HP: 17/35 MP: 7/7
  1422 | D:1      | Reached skill level 2 in Fighting
  1663 | D:2      | Found Guck's General Store.
  1672 | D:2      | Bought a +0 cloak for 63 gold pieces
  2149 | D:2      | Found Futtugy's Armour Emporium.
  2161 | D:2      | Found Rugis's Antique Weapon Shop.
  2465 | D:2      | Found Lenkuzx Lihi's Weapon Shoppe.
  2700 | D:2      | Noticed Natasha
  2711 | D:2      | Killed Natasha
  2712 | D:2      | Reached XP level 4. HP: 27/44 MP: 8/8
  2886 | D:2      | Found a faded altar of an unknown god.
  3034 | D:2      | Noticed Natasha
  3055 | D:2      | Killed Natasha
  3056 | D:2      | Reached skill level 1 in Axes
  3288 | D:3      | Reached skill level 3 in Fighting
  3380 | D:3      | Reached XP level 5. HP: 53/53 MP: 6/9
  3432 | D:3      | Found a runed translucent door.
  3433 | D:3      | Noticed Crazy Yiuf
  3644 | D:3      | Found a burning altar of Makhleb.
  4523 | D:4      | Found a staircase to the Ecumenical Temple.
  4620 | Temple   | Entered the Ecumenical Temple
  4767 | Temple   | Became a worshipper of Vehumet
  4983 | D:5      | Entered Level 5 of the Dungeon
  4989 | D:5      | Noticed an ice beast
  5012 | D:5      | Noticed an ogre
  5015 | D:5      | Killed an ogre
  5016 | D:5      | Reached skill level 4 in Fighting
  5016 | D:5      | Reached XP level 6. HP: 62/62 MP: 11/11
  5034 | D:5      | Found a stormy altar of Qazlal.
  5051 | D:5      | Noticed Pikel
  5059 | D:5      | Killed Pikel
  5060 | D:5      | Reached skill level 5 in Fighting
  5060 | D:5      | Reached XP level 7. HP: 72/72 MP: 11/13
  5191 | D:5      | Reached skill level 6 in Fighting
  5191 | D:5      | Reached XP level 8. HP: 68/83 MP: 14/14
  5195 | D:5      | Found an ornate altar of the Wu Jian Council.
  5326 | D:5      | Found a glowing drain.
  5336 | Sewer    | Entered a sewer
  5633 | Sewer    | Reached * piety under Vehumet
  5633 | Sewer    | Offered knowledge of Sandblast by Vehumet.
  5982 | Sewer    | Reached skill level 7 in Fighting
  6078 | Sewer    | Reached skill level 5 in Spellcasting
  6876 | D:5      | Reached XP level 9. HP: 89/94 MP: 16/16
  7041 | D:6      | Offered knowledge of Searing Ray by Vehumet.
  7042 | D:6      | Reached skill level 8 in Fighting
  7045 | D:6      | Learned a level 2 spell: Scorch
  7082 | D:6      | Noticed Menkaure
  7091 | D:6      | Killed Menkaure
  7454 | D:6      | Reached skill level 5 in Fire Magic
  7886 | D:2      | Noticed Natasha
  7896 | D:2      | Killed Natasha
  7928 | D:2      | Bought a +0 cloak of poison resistance for 102 gold pieces
  8277 | D:7      | Reached ** piety under Vehumet
  8878 | D:7      | Found an opulent altar of Gozag.
  9227 | D:8      | Reached skill level 9 in Fighting
  9274 | D:8      | Found a white marble altar of Elyvilon.
  9316 | D:8      | Reached skill level 14 in Fighting
  9316 | D:8      | Reached XP level 10. HP: 64/123 MP: 3/23
  9866 | D:8      | Learned a level 3 spell: Conjure Flame
  9871 | D:8      | Learned a level 4 spell: Flame Wave
  9875 | D:8      | Learned a level 3 spell: Inner Flame
 10350 | D:8      | Reached XP level 11. HP: 94/131 MP: 14/24
 10357 | D:8      | Reached skill level 5 in Dodging
 10798 | D:7      | Offered knowledge of Static Discharge by Vehumet.
 11245 | D:8      | Found a shadowy altar of Dithmenos.
 11424 | D:8      | Reached skill level 5 in Axes
 11748 | D:8      | Reached *** piety under Vehumet
 12195 | D:8      | Reached skill level 5 in Conjurations
 12290 | D:8      | Found a staircase to the Lair.
 12372 | D:9      | Found a staircase to the Orcish Mines.
 12374 | D:9      | Noticed a two-headed ogre
 12553 | D:7      | Reached skill level 15 in Fighting
 13505 | D:9      | Found Ywnilul's Assorted Antiques.
 13530 | D:9      | Found a snail-covered altar of Cheibriados.
 13544 | D:9      | Killed a two-headed ogre
 13675 | D:9      | Reached skill level 1 in Shields
 13921 | D:9      | Offered knowledge of Hailstorm by Vehumet.
 14105 | D:9      | Noticed a two-headed ogre
 14113 | D:9      | Killed a two-headed ogre
 14254 | D:9      | Found a shimmering altar of Xom.
 14483 | D:10     | Entered Level 10 of the Dungeon
 15264 | D:10     | Reached **** piety under Vehumet
 15366 | D:10     | Found a basalt altar of Yredelemnul.
 15399 | D:10     | Reached XP level 12. HP: 119/143 MP: 12/25
 15514 | D:10     | Offered knowledge of Ignite Poison by Vehumet.
 15684 | D:10     | Noticed a two-headed ogre
 15690 | D:10     | Killed a two-headed ogre
 16611 | D:11     | Reached skill level 10 in Spellcasting
 17087 | D:11     | Identified the +0 ring mail "Vofeh" {rC+}
 17254 | D:11     | Noticed a two-headed ogre
 17838 | Orc:1    | Entered Level 1 of the Orcish Mines
 18265 | Orc:1    | Noticed an orc warlord
 18564 | D:9      | Reached skill level 16 in Fighting
 19451 | Orc:2    | Entered Level 2 of the Orcish Mines
 20721 | Orc:2    | Found a staircase to the Elven Halls.
 20784 | Orc:2    | Reached ***** piety under Vehumet
 20785 | Orc:2    | Offered knowledge of Airstrike by Vehumet.
 22103 | Orc:2    | Noticed Maurice
 22120 | Orc:2    | Killed Maurice
 22172 | Orc:2    | Found Giyzakh's Book Emporium.
 22191 | Orc:2    | Noticed an orc high priest
 22854 | Orc:1    | Killed an orc high priest
 23264 | Orc:2    | Found Kaclibud's General Store.
 23792 | Orc:2    | Reached skill level 5 in Shields
 24673 | Orc:2    | Reached XP level 13. HP: 146/154 MP: 21/27
 24758 | Orc:2    | Offered knowledge of Olgreb's Toxic Radiance by Vehumet.
 25098 | Orc:2    | Found Hewos's Antique Armour Boutique.
 25102 | Orc:2    | Found Radghy's Antique Weapon Shop.
 25107 | Orc:2    | Bought an encrusted broad axe for 225 gold pieces
 25107 | Orc:2    | Identified the +1 broad axe of Kismet {venom, Stlth+} (You
                  | bought it in a shop on level 2 of the Orcish Mines)
 25342 | Orc:2    | Noticed Erolcha
 25731 | Orc:2    | Killed Erolcha
 26382 | Orc:2    | Found Loh Goja's Jewellery Boutique.
 26535 | Orc:2    | Noticed an orc warlord
 26574 | Orc:2    | Bought a scroll of brand weapon for 300 gold pieces
 26646 | Elf:1    | Entered Level 1 of the Elven Halls
 26679 | D:9      | Gained mutation: Your body sometimes deteriorates upon
                  | taking damage. [potion of mutation]
 26679 | D:9      | Gained mutation: You occasionally shout uncontrollably at
                  | your foes. [potion of mutation]
 26790 | Lair:1   | Entered Level 1 of the Lair of Beasts
 27007 | Lair:1   | Learned a level 4 spell: Olgreb's Toxic Radiance
 28296 | Lair:2   | Reached skill level 17 in Fighting
 28629 | Lair:2   | Reached skill level 1 in Poison Magic
 29054 | Lair:2   | Found a staircase to the Snake Pit.
 29308 | Lair:2   | Found a shimmering altar of Xom.
 30992 | Lair:3   | Found a staircase to the Swamp.
 31604 | Lair:3   | Lost mutation: Your body sometimes deteriorates upon taking
                  | damage. [potion of mutation]
 31604 | Lair:3   | Gained mutation: You are clumsy. (Dex -2) [potion of
                  | mutation]
 31669 | Lair:3   | Reached XP level 14. HP: 148/166 MP: 17/29
 33659 | Lair:5   | Found a runed translucent gate.
 33659 | Lair:5   | Found a runed translucent gate.
 33659 | Lair:5   | Found a runed translucent gate.
 33663 | Lair:5   | Noticed Relluig's ghost (journeyman DsFi)
 34023 | Lair:6   | Entered Level 6 of the Lair of Beasts
 34105 | Lair:6   | Found an ornate altar of the Wu Jian Council.
 34105 | Lair:6   | Found a hide-covered altar of Uskayaw.
 34110 | Lair:6   | Reached skill level 18 in Fighting
 34127 | Lair:6   | HP: 11/253 [six-headed hydra (9)]
 34130 | Lair:6   | Slain by a six-headed hydra

Illustrated notes

Levels and vault maps discovered:
D:1:      ncdulo_lavacross, layout_loops_ring
D:2:      layout_loops_ring, dreamdust_ecumenical_altar_grove, serial_shops,
          shop, shop_statue, nicolae_shop_temple_entry_statues_fountains, shop,
          grunt_ministairs_2, uniq_natasha
D:3:      layout_loops_ring, mainiacjoe_overflow_concentric_impassable,
          uniq_crazy_yiuf_cottage
D:4:      layout_loops_ring, minmay_temple_entry_large_hall,
          chequers_serial_rivers_micro_c, kennysheep_generic_room_15
D:5:      layout_rooms, lemuel_tele_altar, mainiacjoe_overflow_catwalk,
          portal_sewer_entry_e, serial_corexii_hall, corexii_hall_statues_i,
          chequers_hall_statues_wall_a, hex_intersection, minmay_misc_feat_chi,
          uniq_pikel
D:6:      layout_rooms, kennysheep_small_circle, uniq_menkaure
D:7:      layout_basic, mainiacjoe_overflow_cross_hatched, hex_intersection
D:8:      layout_rooms, mainiacjoe_overflow_small_starburst,
          grunt_dithmenos_smoke, minmay_lair_entry_grove
D:9:      layout_roguey, kennysheep_mini, cheibriados_altar_1, orc_0_dummy,
          serial_shops, shop, serial_bayou_ford_a
D:10:     layout_roguey, nicolae_yredelemnul_corpse_copse, serial_glass,
          glass_columns_c, glass_columns_a
D:11:     layout_basic
Temple:   dshaligram_water_room_temple
Lair:1:   layout_hall_layers
Lair:2:   layout_cave_pods, guppyfry_snake_entry_garden, basic_altar,
          grunt_megastairs_4
Lair:3:   layout_regular_city, minmay_swamp_entry_swarm, beast_lair_carwin_3,
          grunt_megastairs_2, infiniplex_staircase_pool
Lair:4:   layout_regular_city, portal_ice_cave_entry_ice_simulacra
Lair:5:   layout_misc_corridors, gammafunk_ghost_hydra_chop, serial_rivers,
          chequers_serial_rivers_small_3, chequers_serial_rivers_room_b,
          chequers_serial_rivers_micro_c, chequers_serial_rivers_small_3,
          chequers_serial_rivers_small_a
Lair:6:   wormcave, layout_gridlike, slime_altar_1,
          nzn_masters_of_martial_movement
Orc:1:    cheibrodos_orc_arena, layout_caves
Orc:2:    grunt_orc_community_town_hall, layout_caves,
          grunt_orc_community_big_house_2, grunt_orc_community_big_house_2,
          grunt_orc_community_house_1, grunt_orc_community_house_1,
          grunt_orc_community_house_1, grunt_orc_community_house_1,
          grunt_orc_community_house_3, serial_shops, shop, minmay_orc_barracks,
          uniq_erolcha, uniq_maurice
Elf:1:    layout_onion_city, basic_altar, serial_shops,
          nicolae_shop_competitors_out_of_business, hangedman_elf_represent,
          serial_nicolae_subway, nicolae_sub_station_crystal,
          nicolae_sub_station_stone, nicolae_sub_station_metal

Skill      XL: |  1  2  3  4  5  6  7  8  9 10 11 12 13 14 |
---------------+-------------------------------------------+-----
Conjurations   | 1 2 3 4 5 6 7 |  7.3
Fighting       | 1 2 3 4 5 6 7 14 15 16 17 18 | 18.0
Dodging        | 2 3 4 5 6 7 |  7.7
Fire Magic     | 3 4 5 6 7 |  7.9
Axes           | 1 2 3 4 5 6 7 8 |  8.0
Spellcasting   | 3 4 5 9 10 11 | 11.3
Shields        | 2 5 6 7 |  7.5
Poison Magic   | 2 3 |  3.0
Stealth        | |  1.4

Action                   |  1- 3 |  4- 6 |  7- 9 | 10-12 | 13-15 || total
-------------------------+-------+-------+-------+-------+-------++-------
Melee: Unarmed           |     4 |       |       |       |       ||     4
       Dagger            |    87 |    17 |       |    13 |       ||   117
       War axe           |    85 |   119 |       |       |       ||   204
       Whip              |       |       |   402 |    51 |       ||   453
       Flail             |       |       |     8 |       |       ||     8
       Hand axe          |       |       |       |   168 |    30 ||   198
       Broad axe         |       |       |       |    14 |   275 ||   289
 Cast: Foxfire           |    19 |     8 |    17 |   156 |    54 ||   254
       Scorch            |       |       |    29 |   509 |   350 ||   888
       Conjure Flame     |       |       |       |     7 |       ||     7
       Inner Flame       |       |       |       |     1 |       ||     1
Evoke: Wand              |       |     8 |     4 |    12 |     4 ||    28
       Piece from Xom's  |       |       |       |     2 |       ||     2
  Use: Potion            |     2 |       |     8 |     3 |    16 ||    29
       Scroll            |     2 |     4 |     7 |     8 |     8 ||    29
 Stab: Sleeping          |     3 |     1 |     1 |       |     2 ||     7
Armor: Robe              |    81 |    60 |    86 |   229 |   133 ||   589
       Skin              |    10 |       |       |       |    27 ||    37
Dodge: Dodged            |   100 |   116 |   177 |   267 |   255 ||   915
Block: Kite shield       |       |       |       |   159 |   290 ||   449

Table legend: (Time is in decaauts)
 A = Elapsed time spent in this place.
 B = Non-inter-level travel time spent in this place.
 C = Inter-level travel time spent in this place.
 D = Time resting spent in this place.
 E = Time spent auto-exploring this place.
 F = Levels seen in this place.
 G = Mean time per level.
                   A        B        C        D        E       F      G
               +--------+--------+--------+--------+--------+-----+--------+
         Total |  34377 |  33062 |   1315 |   9360 |  16270 |  22 | 1562.6 |
       Dungeon |  17800 |  16863 |    937 |   3387 |   9785 |  11 | 1618.2 |
        Temple |    163 |    156 |      7 |      0 |    100 |   1 |  163.0 |
          Lair |   7432 |   7165 |    267 |   1354 |   4214 |   6 | 1238.7 |
  Orcish Mines |   8092 |   7989 |    103 |   4574 |   1726 |   2 | 4046.0 |
   Elven Halls |      1 |      1 |      0 |      0 |      0 |   1 |    1.0 |
         Sewer |    886 |    886 |      0 |     45 |    445 |   1 |  886.0 |
               +--------+--------+--------+--------+--------+-----+--------+

Top non-repeatable levels by time:
   Orc:2: 4168 daAuts
   Orc:1: 3924 daAuts
     D:7: 2609 daAuts
     D:8: 2452 daAuts
     D:9: 2392 daAuts
  Lair:2: 2099 daAuts
    D:10: 2000 daAuts
     D:2: 1934 daAuts
  Lair:3: 1745 daAuts
     D:1: 1498 daAuts
  Lair:1: 1332 daAuts
  Lair:4: 1274 daAuts
     D:6: 1117 daAuts
    D:11: 1097 daAuts
     D:4: 932 daAuts
